 Dungeon Crawl Stone Soup version 0.31-a0-115-g4708a659fe (webtiles) character file.

Game seed: 1491643232060341455

76891 Drazool the Carver (level 15, -10/116 HPs)
             Began as a Naga Hunter on May 29, 2023.
             Was a High Priest of Cheibriados.
             Mangled by a 15-headed hydra (11 damage)
             ... on level 12 of the Dungeon.
             The game lasted 01:53:11 (29982 turns).

Drazool the Carver (Naga Hunter)                   Turns: 29982, Time: 01:53:12

Health: -10/116    AC: 32    Str: 28    XL:     15   Next: 55%
Magic:  22/22      EV:  6    Int: 27    God:    Cheibriados [*****.]
Gold:   1253       SH: 16    Dex: 41    Spells: 14/14 levels left

rFire   . . .        a - +2 falchion (elec)
rCold   + . .        W - +0 kite shield
rNeg    + . .        d - +8 crystal plate armour of the Iron City of Dis {rElec rC+}
rPois   +            u - +0 helmet {Int+3}
rElec   +            q - +1 cloak {Will+}
rCorr   +            H - +2 pair of gloves "Joerenua" {Dex+6}
SInv    +            (no barding)
Will    ++...        f - amulet of the acrobat Stlth
                     N - ring of positive energy
HPRegen 0.39/turn    R - ring of resist corrosion
MPRegen 0.18/turn

%: acrobat
@: very slow
A: AC +5, large, see invisible, deformed body, poison resistance, slowness 2,
spit poison 1, naga tail 2, frail 1
a: Spit Poison, Renounce Religion, Bend Time, Temporal Distortion, Slouch, Step
From Time


You were on level 12 of the Dungeon.
You worshipped Cheibriados.
Cheibriados was extremely pleased with you.
You visited 4 branches of the dungeon, and saw 21 of its levels.
You also visited: Bailey.

You collected 2312 gold pieces.
You spent 1059 gold pieces at shops.


Innate Abilities, Weirdness & Mutations

Your serpentine skin is tough. (AC +5)
You have supernaturally acute eyesight. (SInv)
Armour fits poorly on your strangely shaped body.
Your system is resistant to poisons. (rPois)
You cover ground very slowly.
You can spit poison.
You can use your snake-like lower body to constrict enemies.
You are frail. (-10% HP)


   Skills:
 + Level 7.4 Fighting
 - Level 4.0(9.8) Short Blades
 - Level 13.7(14.0) Long Blades
 - Level 9.0 Ranged Weapons
 - Level 8.0 Throwing
 - Level 8.3 Armour
 - Level 4.0 Dodging
 - Level 1.5 Stealth
 - Level 8.7 Shields
 - Level 10.3 Invocations
 - Level 8.0 Evocations


You had 14 spell levels left.
You didn't know any spells.
Your spell library contained the following spells:

 Spells                   Type           Power      Damage    Failure   Level
 Magic Dart               Conj           0%         1d3       100%        1
 Sting                    Tmut/Pois      0%         1d3       100%        1
 Summon Small Mammal      Summ           0%         N/A       100%        1
 Ensorcelled Hibernation  Hex/Ice        0%         N/A       100%        2
 Poisonous Vapours        Pois/Air       0%         N/A       100%        2
 Searing Ray              Conj           0%         2d4       100%        2
 Sublimation of Blood     Necr           0%         N/A       100%        2
 Call Canine Familiar     Summ           0%         N/A       100%        3
 Frozen Ramparts          Ice            0%         1d1       100%        3
 Gell's Gravitas          Tloc           0%         N/A       100%        3
 Inner Flame              Hex/Fire       0%         N/A       100%        3
 Portal Projectile        Hex/Tloc       0%         N/A       100%        3
 Summon Guardian Golem    Hex/Summ       0%         N/A       100%        3
 Teleport Other           Tloc           0%         N/A       100%        3
 Tukima's Dance           Hex            0%         N/A       100%        3
 Vhi's Electric Charge    Tloc/Air       0%         N/A       100%        3
 Animate Dead             Necr           0%         N/A       100%        4
 Fulminant Prism          Conj/Hex       0%         3d5       100%        4
 Ice Form                 Ice/Tmut       0%         N/A       100%        4
 Olgreb's Toxic Radiance  Pois           0%         N/A       100%        4
 Petrify                  Tmut/Erth      0%         N/A       100%        4
 Summon Ice Beast         Ice/Summ       0%         N/A       100%        4
 Arcjolt                  Conj/Air       0%         1d10      100%        5
 Blade Hands              Tmut           0%         N/A       100%        5
 Borgnjor's Vile Clutch   Necr/Erth      0%         N/A       100%        5
 Irradiate                Conj/Tmut      0%         3d11      100%        5
 Silence                  Hex/Air        0%         N/A       100%        5
 Death Channel            Necr           0%         N/A       100%        6
 Dispersal                Tloc           0%         N/A       100%        6
 Plasma Beam              Fire/Air       0%         2x1d11    100%        6
 Simulacrum               Ice/Necr       0%         N/A       100%        6

Inventory:

Hand Weapons
 a - a +2 falchion of electrocution (weapon)
 b - a +2 dagger of electrocution
 B - a +1 orcbow
 S - a +0 longbow
Missiles
 o - 3 javelins
 r - 5 curare-tipped darts {=f}
 x - 17 poisoned darts (quivered)
 y - 2 boomerangs of dispersal {=f}
 L - 11 boomerangs
Armour
 d - the +8 crystal plate armour of the Iron City of Dis (worn) {rElec rC+}
   (You took it off an orc warrior in a bailey)

   rC:        It protects you from cold.
   rElec:     It insulates you from electricity.
 q - a +1 cloak of willpower (worn)
 u - a +0 helmet of intelligence (worn)
 H - the +2 pair of gloves "Joerenua" (worn) {Dex+6}
   (You found it on level 4 of the Dungeon)

   Dex:       It affects your dexterity (+6).
 W - a +0 kite shield (worn)
Jewellery
 f - an amulet of the acrobat (around neck)
 C - a ring of ice
 F - the ring of the Kraken {Fire +Blink}
   (You found it on level 6 of the Dungeon)

   [ring of fire]

   It enhances your fire magic.
   rF:        It protects you from fire.
   rC:        It makes you vulnerable to cold.
   +Blink:    It lets you blink.
 N - a ring of positive energy (left hand)
 R - a ring of resist corrosion (right hand)
Wands
 D - a wand of quicksilver (2)
 E - a wand of flame (3)
 X - a wand of digging (6)
 Z - a wand of polymorph (6)
Scrolls
 e - 3 scrolls of enchant weapon
 h - a scroll of magic mapping
 i - 3 scrolls of noise
 k - 4 scrolls of immolation
 v - 6 scrolls of vulnerability
 J - a scroll of fog
 Q - a scroll of teleportation {@r2}
 T - a scroll of silence {!r}
 V - a scroll of poison
Potions
 c - 3 potions of heal wounds {@q2}
 j - a potion of mutation
 l - 4 potions of haste {@q3}
 m - a potion of resistance
 n - 4 potions of might
 p - 10 potions of curing {@q1}
 s - 2 potions of ambrosia
 w - 2 potions of brilliance
 A - 2 potions of invisibility
 G - 2 potions of berserk rage {!q}
 I - a potion of cancellation
 M - 2 potions of lignification
 P - 4 potions of enlightenment
Miscellaneous
 z - a condenser vane (inert)
 K - a box of beasts (inert)
 U - a lightning rod (2/4)

Dungeon Overview and Level Annotations

Branches:
Dungeon (13/15)            Temple (1/1) D:4            Lair (5/5) D:11
 Shoals (0/4) Lair:3       Spider (0/4) Lair:3        Slime (0/5) Lair:4
    Orc (2/2) D:12            Elf (0/3) Orc:2        Vaults (0/5) D:13
 Bailey (visited)

Altars:
Cheibriados
Gozag
Hepliaklqana
Kikubaaqudgha
Makhleb
Okawaru
Qazlal
Ru
Trog
Uskayaw
Wu Jian
Yredelemnul
Zin
Jiyva

Shops:
D:5 :   D:12 [(   D:13 :   Orc:1 !   Orc:2 [(!?

Portals:
Trove: D:12 (give 5 scrolls of fear)

Annotations:
D:4 Eustachio
D:10 1 runed translucent door, PerfectTommy's ghost, novice MiFi
D:11 2 runed translucent doors, LobsterGuardian's ghost, journeyman GnTm
Lair:5 exclusion: obsidian statue

........# #........# #..##...##.#
.....!..# #........###..##...##.#
........# #.............##...##.#
........###.).....####..##......#
..........[)......# #..##......#
............####..# #..##..##..#
.........#..# #..# #..##..##..#
.........#..####Cx# #..##..##...
................@D# #......##...
.................T# #..###.##..#
.######...........# #..# #.##..#
.# #^....∩.....# #..# #.##..# .#
#...........# #..# #.##..# .#
#.....>.....# #..# #.##..# .#
#...........# #..# #.....# .#
#.....∩...#.# #.># #.....# .#
#.........#.# #..# #..##.#


You could see a 15-headed hydra (ally target), a friendly cyclops (summoned), a
friendly troll (summoned) and a friendly unseen horror (summoned, invisible).


Message History

You feel much better.
Your unseen horror hits the 15-headed hydra!
The 15-headed hydra barely misses you.
You block the 15-headed hydra's attack. x2
The 15-headed hydra bites you but does no damage.
You block the 15-headed hydra's attack. The 15-headed hydra bites you.
* * * LOW HITPOINT WARNING * * *
The 15-headed hydra bites you but does no damage.
The 15-headed hydra bites you!
* * * LOW HITPOINT WARNING * * *
The 15-headed hydra bites you.
* * * LOW HITPOINT WARNING * * *
The 15-headed hydra bites you!
* * * LOW HITPOINT WARNING * * *
The 15-headed hydra bites you but does no damage.
The 15-headed hydra bites you!
* * * LOW HITPOINT WARNING * * *
The 15-headed hydra bites you but does no damage.
The 15-headed hydra barely misses you.
The 15-headed hydra bites you but does no damage.
Your troll bites the 15-headed hydra.
Your troll barely misses the 15-headed hydra.
Your troll claws the 15-headed hydra.
Your unseen horror hits the 15-headed hydra!
The 15-headed hydra attacks as you move away!
The 15-headed hydra closely misses you.
The 15-headed hydra completely misses you.
You block the 15-headed hydra's attack.
The 15-headed hydra bites you but does no damage.
The 15-headed hydra bites you!
You die...

Skill      XL: |  1  2  3  4  5  6  7  8  9 10 11 12 13 14 15 |
---------------+----------------------------------------------+-----
Ranged Weapons | 4 5 6 7 9 |  9.0
Fighting       | 3 4 5 7 |  7.4
Short Blades   | 2 4 |  4.0
Dodging        | 2 3 4 |  4.0
Long Blades    | 1 3 9 11 12 13 | 13.7
Invocations    | 5 6 10 | 10.3
Throwing       | 2 4 6 8 |  8.0
Armour         | 3 8 |  8.3
Shields        | 6 8 |  8.7
Evocations     | 8 |  8.0
Stealth        | |  1.5

Action                     |  1- 3 |  4- 6 |  7- 9 | 10-12 | 13-15 || total
---------------------------+-------+-------+-------+-------+-------++-------
  Melee: Dagger            |       |    26 |   210 |   527 |    63 ||   826
         Punch             |       |       |     3 |    17 |     7 ||    27
         Falchion          |       |       |       |   172 |   811 ||   983
         Constrict         |       |       |       |       |   122 ||   122
   Fire: Shortbow          |    92 |   197 |   179 |       |       ||   468
         Orcbow            |       |       |    91 |   124 |       ||   215
  Throw: Dart              |       |       |     8 |    47 |   165 ||   220
         Boomerang         |       |       |       |    33 |    42 ||    75
 Invoke: Bend Time         |       |       |     1 |       |     1 ||     2
         Slouch            |       |       |       |     7 |    10 ||    17
         Temporal Distorti |       |       |       |       |     3 ||     3
Ability: Spit Poison       |    14 |    23 |    57 |    86 |    16 ||   196
  Evoke: Wand              |       |       |       |     1 |     2 ||     3
         Lightning rod     |       |       |       |       |     7 ||     7
         Box of beasts     |       |       |       |       |     2 ||     2
         Condenser vane    |       |       |       |       |     2 ||     2
    Use: Scroll            |     1 |     5 |     9 |    12 |    12 ||    39
         Potion            |       |     1 |     2 |     5 |     4 ||    12
 Armour: Leather armour    |    11 |    27 |    57 |    11 |       ||   106
         Steam dragon scal |       |       |       |    11 |       ||    11
         Crystal plate arm |       |       |       |   459 |   531 ||   990
  Dodge: Dodged            |    19 |    56 |   112 |   286 |   266 ||   739
  Block: Kite shield       |       |       |       |       |   553 ||   553

Levels and vault maps discovered:
D:1:      amcnicky_arrival_choice, layout_loops_ring,
          shapermc_ecumenical_altar_hornbeckon
D:2:      layout_basic, reono_crystal_passage, minmay_heptomino_l4, uniq_natasha
D:3:      layout_basic, grunt_temple_overflow_bloody_war, uniq_terence
D:4:      lemuel_castle_with_subvaults [lemuel_castle_interior_carwin_2],
          layout_layer_cave, minmay_temple_entry_poolview,
          biasface_ghost_orc_armoury, supply_closet_lemuel,
          hangedman_feature_mirror, uniq_eustachio
D:5:      layout_basic, mainiacjoe_overflow_alcove_2, serial_shops,
          nicolae_shop_waterfront, solitary_fountain, minmay_divided_ellipse
D:6:      layout_rooms, gammafunk_ghost_icy
D:7:      layout_gridville, minmay_mini_ossuary
D:8:      layout_basic, minmay_misc_feat_tiny, nicolae_kite_square_tiling_tiny
D:9:      layout_loops_ring, zin_scriptorium, serial_bayou_lake_a
D:10:     minmay_skewed_foursquare, layout_stronghold, enter_bailey_1,
          gammafunk_ghost_grave
D:11:     layout_loops_corners, hellmonk_lair_entry_icy,
          ebering_ghost_disaster_area, uniq_sonja
D:12:     layout_long_grid, orc_david_3, nicolae_trove_entry_columns
D:13:     minmay_the_grid_square_5x5_4x4
          [minmay_the_grid_square_5x5_inverted_slash,
          minmay_the_grid_square_5x5_inner_v, minmay_the_grid_square_5x5_fat_x,
          minmay_the_grid_square_5x5_empty, minmay_the_grid_square_5x5_two,
          minmay_the_grid_square_5x5_prize_junk,
          minmay_the_grid_square_5x5_prize_itemx,
          minmay_the_grid_square_5x5_tri_point, minmay_the_grid_square_5x5_plus,
          minmay_the_grid_square_5x5_prize_waves,
          minmay_the_grid_square_5x5_prize_pseudospiral,
          minmay_the_grid_square_5x5_fancy_junction,
          minmay_the_grid_square_5x5_half_checkered,
          minmay_the_grid_square_5x5_three_walls,
          minmay_the_grid_square_5x5_trominoes,
          minmay_the_grid_square_5x5_misaligned], layout_cave_pools,
          david_vaults_4, grunt_decor_resistance, nicolae_shop_i_like_big_books,
          minivault_28
Temple:   hc_temple_tempest_star
Lair:1:   layout_regular_city
Lair:2:   layout_long_grid, lemuel_fruit_tree
Lair:3:   layout_roguey, shoals_dummy_entry, hellmonk_spider_entry_not_the_bees,
          kennysheep_abandoned_house, serial_bayou_shore_b
Lair:4:   layout_gridlike, slime_entry_1
Lair:5:   due_jungle_book, layout_regular_city
Orc:1:    layout_diamond_mine, serial_shops, shop, mines5_lemuel
Orc:2:    st_orc_open, layout_diamond_mine

Notes
Turn   | Place    | Note
-------+----------+-------------------------------------------
     0 | D:1      | Drazool the Naga Hunter began the quest for the Orb.
     0 | D:1      | Reached XP level 1. HP: 19/19 MP: 1/1
   111 | D:1      | Reached XP level 2. HP: 19/26 MP: 2/2
   181 | D:1      | Reached skill level 4 in Ranged Weapons
   417 | D:1      | Reached XP level 3. HP: 29/33 MP: 3/3
   662 | D:1      | Found a faded altar of an unknown god.
  1142 | D:2      | Reached XP level 4. HP: 40/40 MP: 4/4
  1445 | D:2      | Reached skill level 3 in Fighting
  1562 | D:2      | Noticed Natasha
  1566 | D:2      | Killed Natasha
  1922 | D:2      | Noticed Natasha
  1925 | D:2      | Killed Natasha
  1926 | D:2      | Reached skill level 5 in Ranged Weapons
  1926 | D:2      | Reached XP level 5. HP: 49/49 MP: 5/5
  1936 | D:2      | Noticed Natasha
  1940 | D:2      | Killed Natasha
  2524 | D:3      | Noticed Terence
  2538 | D:3      | Killed Terence
  3044 | D:3      | Reached XP level 6. HP: 27/56 MP: 6/6
  3247 | D:3      | Found an iron altar of Okawaru.
  3247 | D:3      | Found a bloodstained altar of Trog.
  3332 | D:4      | Noticed a black bear
  3477 | D:4      | Found a staircase to the Ecumenical Temple.
  3487 | Temple   | Entered the Ecumenical Temple
  3529 | Temple   | Became a worshipper of Cheibriados the Contemplative
  3575 | D:4      | Reached skill level 6 in Ranged Weapons
  4040 | D:4      | Identified the +2 dagger "Drazool's Curse" {freeze, rF-
                  | Int+4}
  4040 | D:4      | Identified the +1 chain mail of Responsibility {-Cast +Inv
                  | Will+ Slay+3}
  4041 | D:4      | Noticed Bediveer's ghost (novice DsFi)
  4041 | D:4      | Found a runed translucent gate.
  4041 | D:4      | Noticed an orc warrior
  4056 | D:4      | Found a runed translucent gate.
  4057 | D:4      | Found a runed translucent gate.
  4418 | D:4      | Reached * piety under Cheibriados
  4635 | D:4      | Noticed Eustachio
  4709 | D:4      | Reached XP level 7. HP: 62/62 MP: 7/7
  4744 | D:4      | Reached skill level 7 in Ranged Weapons
  4822 | D:4      | Reached ** piety under Cheibriados
  5685 | D:4      | Reached skill level 4 in Fighting
  5685 | D:4      | Reached skill level 1 in Short Blades
  5773 | D:4      | Reached skill level 2 in Short Blades
  5773 | D:4      | Reached skill level 2 in Dodging
  5955 | D:4      | Reached XP level 8. HP: 40/72 MP: 8/8
  6085 | D:4      | Reached *** piety under Cheibriados
  6264 | D:5      | Entered Level 5 of the Dungeon
  6286 | D:5      | Reached skill level 3 in Short Blades
  6421 | D:5      | Reached skill level 3 in Dodging
  6463 | D:5      | Reached skill level 4 in Short Blades
  6607 | D:5      | Reached skill level 1 in Long Blades
  6661 | D:5      | Noticed a yak
  6676 | D:5      | Reached skill level 1 in Invocations
  6680 | D:5      | Reached skill level 2 in Invocations
  6688 | D:5      | Reached skill level 3 in Invocations
  7054 | D:5      | Found Icufays's Book Emporium.
  7190 | D:5      | Found a burning altar of Makhleb.
  7379 | D:5      | Reached skill level 4 in Invocations
  7390 | D:5      | Reached **** piety under Cheibriados
  7493 | D:5      | Reached skill level 5 in Invocations
  7493 | D:5      | Reached XP level 9. HP: 78/78 MP: 11/13
  7502 | D:5      | Reached skill level 6 in Invocations
  7742 | D:6      | Found a runed translucent gate.
  7742 | D:6      | Found a runed translucent gate.
  7742 | D:6      | Found a runed translucent gate.
  7828 | D:6      | Reached skill level 8 in Ranged Weapons
  7876 | D:6      | Noticed OldManVictorn's ghost (amateur GnDe)
  8892 | D:7      | Reached skill level 9 in Ranged Weapons
  9059 | D:7      | Reached skill level 5 in Fighting
  9359 | D:7      | Reached skill level 2 in Long Blades
  9409 | D:7      | Reached skill level 3 in Long Blades
  9418 | D:7      | Reached skill level 1 in Throwing
  9418 | D:7      | Reached skill level 4 in Dodging
  9458 | D:7      | Reached ***** piety under Cheibriados
  9499 | D:7      | Reached skill level 2 in Throwing
  9503 | D:7      | Reached XP level 10. HP: 70/88 MP: 14/14
 10082 | D:8      | Reached skill level 3 in Throwing
 11127 | D:9      | Reached skill level 7 in Invocations
 11476 | D:9      | Reached skill level 4 in Throwing
 11502 | D:9      | Noticed a two-headed ogre
 11511 | D:9      | Killed a two-headed ogre
 11512 | D:9      | Reached skill level 8 in Invocations
 11829 | D:9      | Reached skill level 9 in Invocations
 12024 | D:9      | Found a glowing silver altar of Zin.
 12077 | D:9      | You fall into a shaft and drop 1 floor!
 12077 | D:10     | Entered Level 10 of the Dungeon
 12077 | D:10     | Found a flagged portal.
 12088 | Bailey   | Entered a bailey
 12091 | Bailey   | Identified a potion of resistance
 12267 | Bailey   | Noticed an orc knight
 12303 | Bailey   | Killed an orc knight
 12304 | Bailey   | Reached skill level 10 in Invocations
 12426 | Bailey   | Identified the +3 dagger of Keqeav {freeze, Int+4}
 12426 | Bailey   | Identified the +8 crystal plate armour of the Iron City of
                  | Dis {rElec rC+}
 12673 | Bailey   | Reached skill level 1 in Armour
 12797 | Bailey   | Noticed an orc knight
 12830 | Bailey   | Killed an orc knight
 12831 | Bailey   | Reached skill level 3 in Armour
 12831 | Bailey   | Reached XP level 11. HP: 18/94 MP: 18/18
 13235 | D:10     | Noticed a purple ugly thing
 13259 | D:10     | Killed a purple ugly thing
 13486 | D:9      | Reached skill level 4 in Armour
 13961 | D:10     | Noticed a two-headed ogre
 13963 | D:10     | Killed a two-headed ogre
 13964 | D:10     | Reached skill level 5 in Armour
 14250 | D:10     | Found a runed translucent door.
 14251 | D:10     | Noticed PerfectTommy's ghost (novice MiFi)
 15009 | D:4      | Killed Bediveer's ghost
 15227 | D:4      | Identified the +2 pair of gloves "Joerenua" {Dex+6}
 15313 | D:6      | Killed OldManVictorn's ghost
 15324 | D:6      | Reached skill level 6 in Armour
 15425 | D:6      | Got the ring of the Kraken {Fire +Blink}
 15585 | D:11     | Noticed Sonja
 15602 | D:11     | Killed Sonja
 15908 | D:11     | Reached skill level 7 in Armour
 15964 | D:11     | Found a large runed translucent door.
 15964 | D:11     | Found a large runed translucent door.
 15965 | D:11     | Noticed LobsterGuardian's ghost (journeyman GnTm)
 16105 | D:11     | Noticed a cyclops
 16118 | D:11     | Killed a cyclops
 16119 | D:11     | Reached skill level 8 in Armour
 16124 | D:11     | HP: 7/94 [wolf (8)]
 16669 | D:11     | Reached XP level 12. HP: 103/103 MP: 19/19
 16669 | D:11     | Found a staircase to the Lair.
 16683 | D:11     | Reached skill level 4 in Long Blades
 17062 | D:11     | Reached skill level 5 in Long Blades
 17188 | D:11     | Got the Encyclopedia of Vexing Ice
 17376 | D:11     | Noticed a four-headed hydra
 17385 | D:11     | Killed a four-headed hydra
 17604 | Lair:1   | Entered Level 1 of the Lair of Beasts
 17616 | D:11     | Reached skill level 6 in Long Blades
 17871 | Lair:1   | Reached skill level 7 in Long Blades
 18834 | Lair:1   | Reached skill level 8 in Long Blades
 19449 | Lair:2   | Reached skill level 5 in Throwing
 19559 | Lair:2   | Reached skill level 9 in Long Blades
 19600 | Lair:2   | Reached skill level 6 in Throwing
 20205 | Lair:2   | Gained mutation: You can use your snake-like lower body to
                  | constrict enemies. [Naga growth]
 20205 | Lair:2   | Reached XP level 13. HP: 109/109 MP: 20/20
 20556 | Lair:3   | Reached skill level 10 in Long Blades
 20556 | Lair:3   | Reached skill level 7 in Throwing
 20702 | Lair:3   | Found a staircase to the Shoals.
 21075 | Lair:3   | Reached ****** piety under Cheibriados
 21479 | Lair:3   | Found a hole to the Spider Nest.
 22006 | Lair:4   | Reached skill level 8 in Throwing
 22080 | Lair:4   | Reached skill level 11 in Long Blades
 23127 | Lair:4   | Reached skill level 1 in Shields
 23242 | Lair:4   | Reached skill level 2 in Shields
 23250 | Lair:4   | Reached skill level 3 in Shields
 23333 | Lair:4   | Reached skill level 4 in Shields
 23473 | Lair:4   | Found a viscous altar of Jiyva.
 23473 | Lair:4   | Found a staircase to the Slime Pits.
 23618 | Lair:5   | Entered Level 5 of the Lair of Beasts
 23803 | Lair:5   | Reached skill level 5 in Shields
 24230 | Lair:5   | Reached skill level 6 in Shields
 24369 | Lair:5   | Reached XP level 14. HP: 117/117 MP: 21/21
 24379 | Lair:5   | Noticed a dire elephant
 24380 | Lair:5   | Noticed a dire elephant
 24404 | Lair:5   | Reached skill level 7 in Shields
 24680 | Lair:5   | Reached skill level 8 in Shields
 25172 | Lair:5   | Reached skill level 1 in Evocations
 25186 | Lair:5   | Killed a dire elephant
 25187 | Lair:5   | Reached skill level 2 in Evocations
 25364 | Lair:5   | Killed a dire elephant
 25365 | Lair:5   | Reached skill level 3 in Evocations
 26146 | D:12     | Reached skill level 4 in Evocations
 26217 | D:12     | Found Kyix's Armour Emporium.
 26221 | D:12     | Found a staircase to the Orcish Mines.
 26224 | D:12     | Found Woinod's Weapon Emporium.
 26237 | D:12     | Bought 6 poisoned darts for 54 gold pieces
 26274 | D:12     | Reached skill level 5 in Evocations
 26909 | D:12     | Found a portal to a secret trove of treasure.
 26991 | Orc:1    | Entered Level 1 of the Orcish Mines
 27012 | Orc:1    | Reached skill level 6 in Evocations
 27013 | Orc:1    | Noticed an orc warlord
 27028 | Orc:1    | Killed an orc warlord
 27074 | Orc:1    | Found Yritym's Distillery.
 27106 | Orc:1    | Bought a potion of might for 68 gold pieces
 27106 | Orc:1    | Bought a potion of curing for 51 gold pieces
 27106 | Orc:1    | Bought a potion of curing for 51 gold pieces
 27106 | Orc:1    | Bought a potion of curing for 51 gold pieces
 27106 | Orc:1    | Bought a potion of invisibility for 136 gold pieces
 27106 | Orc:1    | Bought a potion of curing for 51 gold pieces
 27278 | Orc:1    | Reached skill level 7 in Evocations
 27554 | Orc:1    | Gained mutation: You are frail. (-10% HP) [a neqoxec]
 27761 | Orc:2    | Entered Level 2 of the Orcish Mines
 27816 | Orc:2    | Found Ilalac's Antique Weapon Shoppe.
 27816 | Orc:2    | Found Yhilooq's Antique Armour Boutique.
 27818 | Orc:2    | Reached skill level 8 in Evocations
 27819 | Orc:2    | Reached skill level 12 in Long Blades
 27819 | Orc:2    | Reached XP level 15. HP: 91/110 MP: 11/22
 27820 | Orc:2    | Reached skill level 13 in Long Blades
 27870 | Orc:2    | Bought a shiny helmet for 187 gold pieces
 27883 | Orc:2    | Found Xuru's Distillery.
 27884 | Orc:2    | Found Qahify's Magic Scroll Shop.
 27900 | Orc:2    | Bought a scroll of enchant armour for 120 gold pieces
 27900 | Orc:2    | Bought a scroll of blinking for 120 gold pieces
 28015 | Orc:2    | Noticed an orc warlord
 28037 | Orc:2    | Killed an orc warlord
 28376 | Orc:2    | Found a staircase to the Elven Halls.
 28654 | Orc:2    | Bought a potion of heal wounds for 85 gold pieces
 28654 | Orc:2    | Bought a potion of heal wounds for 85 gold pieces
 28798 | D:13     | Reached skill level 6 in Fighting
 28951 | D:13     | Found a gate to the Vaults.
 29337 | D:13     | Found Opumpur's Tremendous Tomes.
 29637 | D:12     | Reached skill level 7 in Fighting
 29683 | D:13     | Identified the staff of fire "Ufeulos" {+Blink rPois rF+
                  | Str+2}
 29980 | D:12     | HP: 10/116 [15-headed hydra (6)]
 29981 | D:12     | HP: 1/116 [15-headed hydra (7)]
 29982 | D:12     | Mangled by a 15-headed hydra

Vanquished Creatures
  2 orc warlords
  A formless jellyfish (shapeshifter) (D:13)
  2 dire elephants (Lair:5)
  7 hydras
  2 ogre magi (Orc:2)
  A centaur warrior (D:13)
  11 two-headed ogres
  A boulder beetle (D:12)
  A tengu warrior (D:12)
  2 orc high priests
  Sonja (D:11)
  A skyshark (Lair:5)
  3 spectral death yaks (Lair:5)
  A spectral anaconda (Lair:5)
  2 deep trolls (Orc:2)
  4 necromancers
  A wizard (D:12)
  2 orc knights (Bailey)
  7 cyclopes
  2 ugly things
  6 orc sorcerers
  An elephant (shapeshifter) (D:12)
  19 elephants
  8 black mambas
  12 cane toads
  The ghost of Bediveer the Insei, a novice DsFi (D:4)
  A rime drake (D:11)
  A freezing wraith (D:13)
  A dire elephant skeleton (Lair:5)
  3 kobold demonologists (D:11)
  6 komodo dragons
  An efreet (D:13)
  2 meliai
  13 trolls
  A hornet (D:9)
  2 spectral elephants (Lair:5)
  5 polar bears
  26 blink frogs
  8 slime creatures (D:12)
  4 wyverns
  2 wraiths
  A vampire (D:12)
  17 yaks
  3 basilisks
  3 steam dragons
  2 vampire mosquitoes (D:12)
  10 wargs
  A spectral cane toad (Lair:5)
  2 acid dragons
  13 water moccasins
  30 orc warriors
  4 sky beasts
  10 ice beasts
  The ghost of OldManVictorn the Covert, an amateur GnDe (D:6)
  2 black bears
  21 ogres
  4 centaurs
  13 wolves
  An elephant skeleton (Lair:5)
  2 phantoms (D:5)
  15 bullfrogs
  3 kobold brigands
  A gnoll sergeant (D:11)
  3 scorpions
  A cane toad simulacrum (Lair:5)
  4 wights (D:9)
  9 killer bees
  An elephant simulacrum (Lair:5)
  2 howler monkeys
  5 electric eels (D:9)
  2 jellies
  6 hounds
  17 orc priests
  2 gnoll boudas
  Terence (D:3)
  11 iguanas
  Natasha (thrice) (D:2)
  12 orc wizards
  9 hell rats
  2 bullfrog simulacra (D:6)
  A mummy (D:7)
  17 gnolls
  6 adders
  4 river rats (Lair:3)
  A shadow imp (D:5)
  9 white imps
  An ufetubus (D:5)
  3 dart slugs
  109 orcs
  8 ball pythons
  10 endoplasms
  6 giant cockroaches
  9 goblins
  7 hobgoblins
  22 jackals
  12 kobolds
  4 quokkas
  5 bats
  4 frilled lizards
  2 hobgoblin zombies (D:7)
  2 orc zombies (D:7)
  13 rats
681 creatures vanquished.

Vanquished Creatures (others)
  A centaur simulacrum (D:13)
  A howler monkey (D:13)
2 creatures vanquished.

Grand Total: 683 creatures vanquished

Table legend: (Time is in decaauts)
 A = Elapsed time spent in this place.
 B = Non-inter-level travel time spent in this place.
 C = Inter-level travel time spent in this place.
 D = Time resting spent in this place.
 E = Time spent auto-exploring this place.
 F = Levels seen in this place.
 G = Mean time per level.
                   A        B        C        D        E       F      G
               +--------+--------+--------+--------+--------+-----+--------+
         Total |  52562 |  45498 |   7064 |   6461 |  31341 |  22 | 2389.2 |
       Dungeon |  33894 |  28657 |   5237 |   4190 |  20181 |  13 | 2607.2 |
        Temple |     79 |     59 |     20 |      0 |     37 |   1 |   79.0 |
          Lair |  13707 |  12250 |   1457 |   1650 |   8329 |   5 | 2741.4 |
  Orcish Mines |   3438 |   3088 |    350 |     41 |   2575 |   2 | 1719.0 |
        Bailey |   1442 |   1442 |      0 |    579 |    217 |   1 | 1442.0 |
               +--------+--------+--------+--------+--------+-----+--------+

Top non-repeatable levels by time:
     D:4: 5689 daAuts
  Lair:5: 4121 daAuts
    D:11: 3374 daAuts
    D:12: 3353 daAuts
    D:10: 3340 daAuts
  Lair:3: 3119 daAuts
     D:6: 2716 daAuts
     D:5: 2689 daAuts
  Lair:1: 2582 daAuts
     D:9: 2562 daAuts
     D:8: 2499 daAuts
     D:7: 2218 daAuts
     D:2: 2206 daAuts
  Lair:4: 2071 daAuts
  Lair:2: 1812 daAuts

Table legend:
 A = Non-vault XP
 B = Vault XP
 C = Vault XP percentage of total XP
 D = Non-vault monster count
 E = Vault monster count
 F = Vault count percentage of total count
                 A         B        C        D         E       F
            +---------+---------+-------+---------+---------+-------
      Total |   62862 |   46983 |  42.8 |     435 |     246 |  36.1
            +---------+---------+-------+---------+---------+-------
        D:1 |      50 |       0 |   0.0 |      30 |       0 |   0.0
        D:2 |     132 |      40 |  23.3 |      23 |       4 |  14.8
        D:3 |      85 |      52 |  38.0 |      22 |       2 |   8.3
        D:4 |     333 |    1169 |  77.8 |      18 |      61 |  77.2
        D:5 |     772 |     911 |  54.1 |      25 |      13 |  34.2
        D:6 |     630 |     619 |  49.6 |      17 |      11 |  39.3
        D:7 |    1149 |      22 |   1.9 |      17 |       5 |  22.7
        D:8 |     658 |       0 |   0.0 |       5 |       0 |   0.0
        D:9 |    2576 |       0 |   0.0 |      19 |       0 |   0.0
       D:10 |    1522 |     930 |  37.9 |      11 |       4 |  26.7
       D:11 |    4870 |    2738 |  36.0 |      25 |      12 |  32.4
       D:12 |    4774 |    3107 |  39.4 |      16 |       9 |  36.0
       D:13 |     812 |    5396 |  86.9 |       2 |      10 |  83.3
     Lair:1 |    5583 |       0 |   0.0 |      22 |       0 |   0.0
     Lair:2 |    5526 |       0 |   0.0 |      26 |       0 |   0.0
     Lair:3 |    5419 |    1800 |  24.9 |      17 |      23 |  57.5
     Lair:4 |    8475 |       0 |   0.0 |      31 |       0 |   0.0
     Lair:5 |    6512 |   12232 |  65.3 |      20 |      25 |  55.6
      Orc:1 |    6872 |    1245 |  15.3 |      45 |      10 |  18.2
      Orc:2 |    6112 |   14733 |  70.7 |      44 |      37 |  45.7
     Bailey |       0 |    1989 | 100.0 |       0 |      20 | 100.0
            +---------+---------+-------+---------+---------+-------
